 Dungeon Crawl Stone Soup version 0.31.0-4-g52a2dc7128 (webtiles) character file.

Game seed: 4373323154261818401

86716 zenocrate the Unseen (level 15, -2/74 HPs)
             Began as a Vine Stalker Enchanter on Jan 23, 2024.
             Was an Initiate of Gozag.
             Killed from afar by Frances (16 damage)
             ... with an iron shot
             ... on level 2 of the Swamp.
             The game lasted 00:46:43 (22019 turns).

zenocrate the Unseen (Vine Stalker Enchanter)      Turns: 22019, Time: 00:46:44

Health: -2/74      AC: 12    Str: 17    XL:     15   Next: 88%
Magic:  0/21       EV: 22    Int: 20    God:    Gozag
Gold:   633        SH:  0    Dex: 25    Spells: 10/21 levels left

rFire   + . .        a - +3 quick blade (venom)
rCold   . . .        (no shield)
rNeg    + . .        t - +1 robe of Dynuad {rPois Str+4 Int+2 Slay+3}
rPois   +            b - +1 helmet {SInv}
rElec   .            G - +2 cloak
rCorr   .            r - +2 pair of gloves
SInv    +            h - +0 pair of boots
Will    +....        v - amulet of magic regeneration
Stlth   +++++++      n - ring of Kinwet {Fly rF+ Int+3}
HPRegen 1.12/turn    B - ring of Purhevono {rPois rN+ Str+2 Dex+3 Slay+2}
MPRegen 0.57/turn

%: guardian spirit
@: confusing by touch, flying
A: fangs 3, regeneration 1, magic shield, antimagic bite, no potion heal 2
a: Renounce Religion, Potion Petition, Call Merchant, Bribe Branch


You were on level 2 of the Swamp.
You worshipped Gozag.
Gozag was pleased with you.
You visited 5 branches of the dungeon, and saw 22 of its levels.
You also visited: Sewer and Bailey.

You collected 7452 gold pieces.
You spent 2175 gold pieces at shops.
You paid 4644 gold pieces to Gozag.

Inventory:

Hand Weapons
 a - a +3 quick blade of venom (weapon)
 e - a +3 rapier of venom
 x - a +1 short sword of electrocution
Missiles
 f - 18 atropa-tipped darts
 o - 26 boomerangs
 q - 3 javelins
 z - 22 curare-tipped darts
 E - 56 poisoned darts (quivered)
Armour
 b - a +1 helmet of see invisible (worn)
 h - a +0 pair of boots (worn)
 j - a +2 robe of willpower
 r - a +2 pair of gloves (worn)
 t - the +1 robe of Dynuad (worn) {rPois Str+4 Int+2 Slay+3}
   (You acquired it on level 1 of the Swamp)

   Str+4:     It affects your strength (+4).
   Int+2:     It affects your intelligence (+2).
   Slay+3:    It affects your accuracy & damage with ranged weapons and melee
   (+3).
   rPois:     It protects you from poison
 F - a +0 buckler
 G - a +2 cloak (worn)
Jewellery
 n - the ring of Kinwet (left hand) {Fly rF+ Int+3}
   (You bought it in a shop on level 1 of the Lair of Beasts)

   [ring of flight]

   Int+3:     It affects your intelligence (+3).
   rF+:       It protects you from fire.
   Fly:       It grants you flight.
 v - an amulet of magic regeneration (around neck)
 B - the ring of Purhevono (right hand) {rPois rN+ Str+2 Dex+3 Slay+2}
   (You bought it in a shop on level 1 of the Lair of Beasts)

   [ring of poison resistance]

   Str+2:     It affects your strength (+2).
   Dex+3:     It affects your dexterity (+3).
   Slay+2:    It affects your accuracy & damage with ranged weapons and melee
   (+2).
   rPois:     It protects you from poison rN+: It protects you from negative
   energy.
 P - a ring of positive energy
 R - a ring of protection from cold
 T - the ring "Gatef" {rC+ Int+3}
   (You found it on level 5 of the Lair of Beasts)

   [ring of protection from cold]

   Int+3:     It affects your intelligence (+3).
   rC+:       It protects you from cold.
Wands
 l - a wand of flame (21)
 y - a wand of digging (6)
 L - a wand of roots (9)
 O - a wand of mindburst (6)
Scrolls
 c - a scroll of amnesia
 g - a scroll of butterflies
 s - 4 scrolls of blinking
 u - 3 scrolls of fog
 H - a scroll of teleportation
 K - 3 scrolls of vulnerability
 U - a scroll of silence
Potions
 d - 4 potions of enlightenment
 i - a potion of attraction
 k - 5 potions of haste
 m - 2 potions of cancellation
 p - 8 potions of curing
 w - a potion of lignification
 A - a potion of invisibility
 C - a potion of mutation
 D - 2 potions of ambrosia
 I - 3 potions of might
 M - a potion of resistance
 N - 4 potions of magic
Miscellaneous
 S - a phial of floods


   Skills:
 + Level 6.8 Fighting
 + Level 12.9 Short Blades
 - Level 0.1 Armour
 + Level 11.6 Dodging
 + Level 15.9 Stealth
 - Level 3.8 Spellcasting
 - Level 1.1 Conjurations
 + Level 12.3 Hexes
 - Level 4.0 Ice Magic
 - Level 6.0 Evocations


You had 10 spell levels left.
You knew the following spells:

 Your Spells              Type           Power      Damage    Failure   Level
a - Ensorcelled Hibernat  Hex/Ice        72%        N/A       1%          2
b - Confusing Touch       Hex            52%        N/A       1%          3
c - Tukima's Dance        Hex            52%        N/A       1%          3
d - Dazzling Flash        Conj/Hex       60%        N/A       2%          3

Your spell library contained the following spells:

 Spells                   Type           Power      Damage    Failure   Level
 Inner Flame              Hex/Fire       28%        N/A       3%          3
 Kiss of Death            Conj/Necr      24%        2d7       11%         1
 Static Discharge         Conj/Air       12%        3-4/arc   16%         2
 Scorch                   Fire           6%         2d5       21%         2
 Flame Wave               Conj/Fire      6%         2d5       71%         4
 Animate Armour           Summ/Erth      6%         N/A       78%         4
 Dispel Undead            Necr           3%         3d7       78%         4
 Ignite Poison            Fire/Alch      3%         N/A       78%         4
 Olgreb's Toxic Radiance  Alch           3%         N/A       78%         4
 Sticky Flame             Fire/Alch      3%         2d4       78%         4
 Summon Lightning Spire   Summ/Air       3%         N/A       78%         4
 Irradiate                Conj/Alch      3%         3d12      96%         5
 Lee's Rapid Deconstruct  Erth           1%         3d4*      98%         5
 Discord                  Hex            26%        N/A       99%         8
 Conjure Ball Lightning   Conj/Air       3%         3x3d6     100%        6
 Plasma Beam              Fire/Air       1%         2x1d11    100%        6
 Summon Cactus Giant      Summ           1%         N/A       100%        6
 Malign Gateway           Summ/Tloc      1%         N/A       100%        7
 Ozocubu's Refrigeration  Ice            9%         4d9       100%        7
 Ignition                 Fire           1%         3d3       100%        8
 Summon Horrible Things   Summ           1%         N/A       100%        8
 Chain Lightning          Conj/Air       3%         3d4       100%        9
 Fire Storm               Conj/Fire      3%         8d1       100%        9
 Shatter                  Erth           1%         3d6*      100%        9


Dungeon Overview and Level Annotations

Branches:
Dungeon (12/15)            Temple (1/1) D:4            Lair (5/5) D:9
  Swamp (2/4) Lair:3        Snake (0/4) Lair:2        Slime (0/5) Lair:4
    Orc (2/2) D:11            Elf (0/3) Orc:2         Sewer (visited)
 Bailey (visited)

Altars:
Ashenzari
Cheibriados
Dithmenos
Elyvilon
Fedhas
Gozag
Hepliaklqana
Kikubaaqudgha
Makhleb
Nemelex Xobeh
Okawaru
Qazlal
Ru
Sif Muna
Trog
Uskayaw
Vehumet
Wu Jian
Xom
Yredelemnul
Zin
The Shining One

Shops:
Orc:1 =   Orc:2 !!:=   Lair:1 ((==

Annotations:
D:4 1 transporter, jagang's ghost, amateur HuMo
Swamp:2 Frances


Innate Abilities, Weirdness & Mutations

You have razor-sharp teeth.
Your natural rate of healing is unusually fast.
When hurt, damage is shared between your health and your magic reserves.
Your bite disrupts and absorbs the magic of your enemies.
Potions cannot restore your health.


Message History

Unknown command.
You hit Frances but do no damage. x2
Frances is lightly wounded.
Frances splashes around in the water.
Unknown command.
Unknown command.
You hit Frances but do no damage. Your bite misses Frances.
You barely miss Frances. Your bite misses Frances.
Frances is lightly wounded.
The vampire mosquito completely misses you.
Frances says, "Show me proof of your conquests, and I will call you a great adventurer."
Frances barely misses you.
Unknown command.
You hit Frances but do no damage. x2
Frances is lightly wounded.
The vampire mosquito barely misses you.
Frances hits you with a +1 morningstar of protection!
* * * LOW HITPOINT WARNING * * *
Unknown command.
Unknown command.
Unknown command.
You hit Frances but do no damage. You bite Frances, but do no damage.
You barely miss Frances. You bite Frances.
Frances's magic leaks into the air.
You drain her magic.
You feel invigorated.
Frances is moderately wounded.
The vampire mosquito bites you.
* * * LOW HITPOINT WARNING * * *
The vampire mosquito draws strength from your injuries!
Frances screams a word of power!
The iron shot misses you.
The iron shot hits the vampire mosquito!!
The vampire mosquito completely misses you.
Unknown command.
You hit Frances but do no damage. Your bite misses Frances.
You hit Frances but do no damage.
Frances is moderately wounded.
Frances mutters in a terrible tongue.
The iron shot hits you!!
You die...
Your body crumbles into a pile of gold.

♣♣♣♣♣§.♣.~~~......~.
♣...♣~..~~§~..####.
>....?..~~~~.$.# .
♣~..~~~~......# ~~~
♣.~~~~~.....y#...~~~
♣..~~~~..######...~~
♣~.>~~..######..~~~
♣♣~..yy.#.......~~~
♣♣~.@....?....~~~~
♣..@####$..~~~~~~
♣..#D###.@♣~.§~~~
♣♣~~..°☼○..♣.~~~~
♣~~...○.♣♣♣.~~~~
♣§~♣~..$~♣ .~~~
.~~♣♣♣♣....♣ ~~~ ♣♣♣
♣♣♣.~.§ ... ♣♣.~.~


You could see Frances (fast, very poisoned, magic disrupted), a five-headed
hydra and 2 vampire mosquitoes.

Vanquished Creatures
  A thorn hunter (Swamp:1)
  Aizul (Swamp:2)
  An orc warlord (Orc:2)
  2 eleionomae (Swamp:1)
  5 hydras
  2 catoblepae (Lair:5)
  2 alligators (Swamp:1)
  A ghost crab (Swamp:1)
  2 boulder beetles
  4 two-headed ogres
  A deep troll shaman (Lair:5)
  3 death yaks (Lair:5)
  An orc high priest (Orc:2)
  The ghost of MollyMolluskus the Martial Artist, a novice OpFi of Wu Jian (D:9)
  Sonja (Orc:1)
  A skyshark (Lair:5)
  6 goliath frogs (Swamp:1)
  2 spriggan druids (Lair:3)
  A swamp dragon (Swamp:2)
  A lindwurm (Lair:5)
  6 orc knights
  2 will-o-the-wisps (Swamp:2)
  A salamander (Lair:2)
  3 orc sorcerers (Orc:2)
  4 manticores
  2 cyclopes (Orc:2)
  Joseph (D:8)
  3 elephants (Lair:5)
  6 kobold blastminers
  6 black mambas
  17 cane toads
  A gargoyle (D:12)
  9 komodo dragons
  A torpor snail (Lair:2)
  3 rime drakes
  6 trolls
  2 polar bears
  A bloated husk (Swamp:2)
  3 hornets
  35 blink frogs
  3 tyrant leeches
  4 saltlings
  4 dream sheep (Lair:4)
  Sigmund (D:2)
  A spriggan (Swamp:2)
  A shadow (D:12)
  A ynoxinul (D:9)
  7 wyverns
  A water elemental (D:11)
  3 wraiths
  55 yaks
  2 vampires
  6 basilisks
  3 wargs
  2 steam dragons (D:7)
  7 vampire mosquitoes
  4 swamp worms
  3 nagas (Lair:2)
  An acid dragon (D:11)
  14 water moccasins
  2 sky beasts
  22 orc warriors
  5 black bears
  2 ice beasts
  5 ogres
  10 centaurs
  8 wolves
  19 bullfrogs
  8 kobold brigands
  3 scorpions
  4 killer bees
  3 electric eels (D:11)
  A bombardier beetle (D:6)
  4 hounds
  12 jellies
  15 orc priests
  Crazy Yiuf (D:4)
  2 gnoll boudas
  A sleepcap (D:6)
  5 iguanas
  21 orc wizards
  15 hell rats
  25 river rats
  13 adders
  8 gnolls
  3 shadow imps
  2 white imps
  8 dart slugs (Sewer)
  3 ribbon worms
  68 orcs
  8 endoplasms
  12 giant cockroaches
  9 goblins
  5 hobgoblins
  2 jackals (D:2)
  30 kobolds
  6 quokkas
  12 ball pythons
  7 bats
  14 frilled lizards
  15 rats
  A butterfly (Lair:2)
693 creatures vanquished.

Vanquished Creatures (collateral kills)
  A centaur (D:8)
  An orc priest (D:11)
  An orc wizard (D:11)
3 creatures vanquished.

Vanquished Creatures (others)
  A will-o-the-wisp (Swamp:1)
  A bloated husk (Swamp:2)
  2 vampire mosquitoes (Swamp:2)
  5 dancing weapons (D:8)
  An orc priest (Orc:2)
  4 orcs
  6 foxfires
20 creatures vanquished.

Grand Total: 716 creatures vanquished

Notes
Turn   | Place    | Note
-------+----------+-------------------------------------------
     0 | D:1      | zenocrate the Vine Stalker Enchanter began the quest for
                  | the Orb.
     0 | D:1      | Reached XP level 1. HP: 9/9 MP: 4/4
    25 | D:1      | Reached skill level 1 in Short Blades
    86 | D:1      | Reached XP level 2. HP: 13/13 MP: 6/6
    90 | D:1      | Learned a level 2 spell: Ensorcelled Hibernation
   623 | D:2      | Reached skill level 4 in Stealth
   628 | D:2      | Reached XP level 3. HP: 17/17 MP: 2/7
   746 | D:2      | Learned a level 3 spell: Confusing Touch
   774 | D:2      | Reached skill level 1 in Ice Magic
   774 | D:2      | Reached XP level 4. HP: 21/21 MP: 0/8
  1005 | D:2      | Found an iron altar of Okawaru.
  1107 | D:2      | Noticed Sigmund
  1113 | D:2      | Killed Sigmund
  1114 | D:2      | Reached skill level 1 in Fighting
  1114 | D:2      | Reached XP level 5. HP: 24/26 MP: 7/9
  1114 | D:2      | Reached XP level 6. HP: 28/30 MP: 7/10
  1173 | D:2      | Learned a level 3 spell: Tukima's Dance
  1220 | D:2      | Found a faded altar of an unknown god.
  1359 | D:3      | Found a shimmering altar of Xom.
  1451 | D:3      | Reached skill level 5 in Stealth
  2285 | D:4      | Found a transporter.
  2287 | D:4      | Noticed jagang's ghost (amateur HuMo)
  2335 | D:4      | Found a staircase to the Ecumenical Temple.
  2435 | D:4      | Found a snail-covered altar of Cheibriados.
  2564 | D:4      | Identified the +11 hammer of Itiymuaj {flame, Will+}
  2849 | D:4      | Found a glowing drain.
  2871 | Sewer    | Entered a sewer
  2989 | Sewer    | Reached XP level 7. HP: 35/35 MP: 4/11
  3508 | D:4      | Found an opulent altar of Gozag.
  3587 | D:4      | Found a shadowy altar of Dithmenos.
  3618 | D:4      | Became a worshipper of Gozag Ym Sagoz the Greedy
  3674 | Temple   | Entered the Ecumenical Temple
  3959 | D:4      | Found a runed translucent door.
  3960 | D:4      | Noticed Crazy Yiuf
  4014 | D:4      | Killed Crazy Yiuf
  4149 | D:5      | Entered Level 5 of the Dungeon
  4433 | D:5      | Reached skill level 6 in Stealth
  4433 | D:5      | Reached skill level 1 in Evocations
  4433 | D:5      | Gained mutation: You have razor-sharp teeth. [Vine Stalker
                  | growth]
  4433 | D:5      | Reached XP level 8. HP: 22/39 MP: 2/12
  4587 | D:5      | Reached skill level 5 in Hexes
  5343 | D:6      | Identified the +0 scale mail of Good Intentions {rPois rC+
                  | Int+5}
  5420 | D:6      | Reached skill level 7 in Stealth
  5526 | D:6      | Reached XP level 9. HP: 22/43 MP: 4/13
  6062 | D:7      | Found a flagged portal.
  6071 | Bailey   | Entered a bailey
  6284 | Bailey   | Identified the +8 battleaxe "Qul Kank" {drain, SInv}
  6297 | Bailey   | Noticed an orc knight
  6299 | Bailey   | Found a bloodstained altar of Trog.
  6299 | Bailey   | Noticed an orc knight
  6328 | Bailey   | Killed an orc knight
  6329 | Bailey   | Reached skill level 5 in Short Blades
  6329 | Bailey   | Reached skill level 8 in Stealth
  6364 | Bailey   | Reached skill level 5 in Dodging
  6412 | Bailey   | Killed an orc knight
  6413 | Bailey   | Reached XP level 10. HP: 13/49 MP: 13/15
  6491 | Bailey   | Identified the +1 kite shield "Qotocvy" {*Corrode Will+
                  | Int+2 Dex+7}
  6909 | D:7      | Reached skill level 9 in Stealth
  7073 | D:7      | Noticed a boulder beetle
  7083 | D:7      | Killed a boulder beetle
  7143 | D:7      | Noticed a manticore
  7152 | D:7      | Killed a manticore
  8035 | D:8      | Noticed Joseph
  8044 | D:8      | Killed Joseph
  8045 | D:8      | Reached skill level 10 in Stealth
  8045 | D:8      | Reached XP level 11. HP: 43/52 MP: 12/16
  8076 | D:8      | Reached XP level 12. HP: 56/56 MP: 17/17
  8081 | D:8      | Learned a level 3 spell: Dazzling Flash
  9005 | D:9      | Found an ornate altar of the Wu Jian Council.
  9041 | D:9      | Found a staircase to the Lair.
  9108 | D:9      | Found a runed translucent door.
  9116 | D:9      | Noticed MollyMolluskus's ghost (novice OpFi)
  9829 | Lair:1   | Entered Level 1 of the Lair of Beasts
  9873 | Lair:1   | Bought a runed rapier for 196 gold pieces
  9873 | Lair:1   | Bought a bloodstained rapier for 252 gold pieces
  9873 | Lair:1   | Identified the +8 rapier "Ogeqa" {vamp, rPois Str+3} (You
                  | bought it in a shop on level 1 of the Lair of Beasts)
  9937 | Lair:1   | Identified the +12 whip of Lust {heavy, rElec MP+9}
 10116 | Lair:1   | Reached skill level 11 in Stealth
 10887 | Lair:2   | Reached skill level 1 in Conjurations
 11232 | Lair:2   | Found a staircase to the Snake Pit.
 11808 | Lair:2   | Reached XP level 13. HP: 61/61 MP: 11/18
 12465 | Lair:3   | Reached skill level 12 in Stealth
 12926 | Lair:3   | Found a staircase to the Swamp.
 13224 | Lair:3   | Got the Reference Book on Singed Thunder
 13322 | Lair:3   | Reached skill level 10 in Short Blades
 13772 | Lair:4   | Reached skill level 5 in Fighting
 13952 | Lair:4   | Reached skill level 10 in Hexes
 14072 | Lair:4   | Reached skill level 10 in Dodging
 14212 | Lair:4   | Found a staircase to the Slime Pits.
 14486 | Lair:5   | Entered Level 5 of the Lair of Beasts
 14505 | Lair:5   | Reached skill level 13 in Stealth
 14685 | Lair:5   | Reached XP level 14. HP: 69/69 MP: 19/19
 15448 | Lair:5   | Identified the ring "Gatef" {rC+ Int+3}
 15573 | Lair:5   | Reached skill level 14 in Stealth
 16058 | Lair:1   | Bought the ring of Purhevono {rPois rN+ Str+2 Dex+3 Slay+2}
                  | for 651 gold pieces
 16110 | D:9      | Killed MollyMolluskus's ghost
 16183 | D:10     | Entered Level 10 of the Dungeon
 17097 | D:11     | Found a staircase to the Orcish Mines.
 17826 | Orc:1    | Entered Level 1 of the Orcish Mines
 17877 | Orc:1    | Found Xucuduot's Jewellery Boutique.
 18139 | Orc:2    | Entered Level 2 of the Orcish Mines
 18248 | Orc:1    | Reached XP level 15. HP: 60/73 MP: 16/20
 18478 | Orc:2    | Reached skill level 15 in Stealth
 18503 | Orc:2    | Found a staircase to the Elven Halls.
 18565 | Orc:2    | Found Huack's Distillery.
 18573 | Orc:2    | Bought a potion of haste for 160 gold pieces
 18573 | Orc:2    | Bought a potion of invisibility for 128 gold pieces
 18573 | Orc:2    | Bought a potion of mutation for 128 gold pieces
 18860 | Orc:2    | Found Zyarela's General Store.
 18893 | Orc:2    | Found Kyczobo's Jewellery Shoppe.
 18893 | Orc:2    | Noticed an orc warlord
 18924 | Orc:2    | Killed an orc warlord
 18959 | Orc:2    | Found Naacajo's Book Shoppe.
 18991 | Orc:2    | Found Siose's Distillery.
 18999 | Orc:2    | Bought a potion of might for 56 gold pieces
 19143 | Orc:1    | Noticed Sonja
 19173 | Orc:1    | Killed Sonja
 19515 | Swamp:1  | Entered Level 1 of the Swamp
 19793 | Lair:1   | Bought the ring of Kinwet {Fly rF+ Int+3} for 604 gold
                  | pieces
 20242 | Swamp:1  | Identified 2 scrolls of acquirement
 20244 | Swamp:1  | Acquired the +1 robe of Dynuad {rPois Str+4 Int+2 Slay+3}
 20246 | Swamp:1  | Acquired a +0 quick blade of venom
 20336 | Swamp:1  | Noticed a thorn hunter
 20351 | Swamp:1  | Killed a thorn hunter
 21299 | D:12     | Identified the +8 quarterstaff of Paper {drain, rCorr
                  | Dex+3}
 21426 | D:12     | Found an iron altar of Okawaru.
 21821 | Swamp:2  | Noticed Frances
 21825 | Swamp:2  | Identified the serpent talisman of Unreason {rC- Dex+6}
 21825 | Swamp:2  | Noticed Aizul
 21964 | Swamp:2  | Killed Aizul
 22019 | Swamp:2  | Killed from afar by Frances

Illustrated notes

Levels and vault maps discovered:
D:1:      dpeg_arrival_rooms_with_view, layout_basic
D:2:      layout_rooms, shapermc_ecumenical_altar_mp_vishouse, basic_altar,
          nicolae_the_louvre, uniq_sigmund
D:3:      layout_basic, regret_index_xom_buried_treasure
D:4:      layout_cave_pods, lemuel_round_altar, mainiacjoe_overflow_24_doors,
          amcnicky_altar_gilded, minmay_temple_entry_steel_oval,
          gammafunk_ghost_mausoleum, portal_sewer_entry_e,
          uniq_crazy_yiuf_cottage
D:5:      layout_basic
D:6:      layout_basic
D:7:      nzn_winding_woodlands_medium [nzn_winding_woodlands_5x5_open_star,
          nzn_winding_woodlands_5x15_concentric,
          nzn_winding_woodlands_5x5_checkerboard,
          nzn_winding_woodlands_5x5_perimeter,
          nzn_winding_woodlands_center_lodge,
          nzn_winding_woodlands_5x5_closed_star,
          nzn_winding_woodlands_5x5_three, nzn_winding_woodlands_5x15_garden,
          nzn_winding_woodlands_5x5_default], layout_gridville, serial_bayou,
          serial_bayou_shore_b, serial_bayou_pond_d, serial_bayou_lagoon_a,
          serial_bayou_shore_b, serial_bayou_shore_b, enter_bailey_2
D:8:      layout_basic, chequers_avenue, centaur_isle, uniq_joseph
D:9:      layout_stronghold, mainiacjoe_overflow_brackets,
          minmay_lair_entry_grove, hellmonk_ghost_big_iron
D:10:     layout_gridville, grunt_decor_mini_mirrors
D:11:     layout_roguey, erik_orc_2
D:12:     layout_loops_cross, nrook_campfire, okawaru_altar_gauntlet_db
Temple:   nicolae_temple_bog_church
Lair:1:   layout_cave_shapes
Lair:2:   layout_cellular_growth, alex1729_snake_entry_snake, st_stairs_3,
          kennysheep_abandoned_house, serial_bayou_shore_a, lemuel_fruit_fields,
          infiniplex_staircase_pool_2
Lair:3:   lemuel_ratsnest, layout_long_grid, mainiacjoe_swamp_entry_angry_trees,
          serial_bayou_shore_b, grunt_megastairs_5, serial_bayou_shore_b
Lair:4:   layout_hall_layers, nicolae_slime_entry_slimehenge,
          hangedman_lair_generics_rect
Lair:5:   grunt_lair_end_beastmaster, layout_layer_cave
Swamp:1:  layout_basic_swamp, nicolae_swamp_decorative_isthmus, swamp_pool_1_2
Swamp:2:  layout_basic_swamp, serial_swamp_ruin, evilmike_swamp_ruin_rubble_2,
          hangedman_swamp_ruin_wall, uniq_aizul, uniq_frances
Orc:1:    layout_caves, serial_shops, shop_coins, uniq_sonja
Orc:2:    hellmonk_orc_salted, layout_caves, serial_shops, nicolae_shop_trees

Skill      XL: |  1  2  3  4  5  6  7  8  9 10 11 12 13 14 15 |
---------------+----------------------------------------------+-----
Short Blades   | 1 2 3 4 5 6 8 9 10 12 | 12.9
Stealth        | 4 5 6 7 8 10 11 13 14 15 | 15.9
Dodging        | 2 3 4 5 6 7 9 10 11 | 11.6
Ice Magic      | 1 2 3 4 |  4.0
Fighting       | 1 2 3 5 6 |  6.8
Hexes          | 4 5 6 7 9 10 11 12 | 12.3
Evocations     | 1 2 3 6 |  6.0
Spellcasting   | 3 |  3.8
Conjurations   | 1 |  1.1
Armour         | |  0.1

Action                     |  1- 3 |  4- 6 |  7- 9 | 10-12 | 13-15 || total
---------------------------+-------+-------+-------+-------+-------++-------
  Melee: Dagger            |    66 |   101 |   268 |    89 |       ||   524
         Bite              |    14 |    19 |    83 |    95 |   458 ||   669
         Punch             |       |     2 |     3 |     4 |    18 ||    27
         Mace              |       |    11 |    34 |       |       ||    45
         Short sword       |       |       |       |   250 |   214 ||   464
         Rapier            |       |       |       |       |   787 ||   787
         Quick blade       |       |       |       |       |   197 ||   197
   Cast: Ensorcelled Hiber |     8 |    20 |    63 |   144 |   217 ||   452
         Confusing Touch   |       |       |     6 |     4 |    19 ||    29
         Tukima's Dance    |       |       |     2 |    10 |     2 ||    14
 Invoke: Call Merchant     |       |       |       |     1 |     3 ||     4
         Potion Petition   |       |       |       |     1 |     1 ||     2
  Evoke: Wand              |       |       |     1 |       |     5 ||     6
    Use: Scroll            |       |     8 |     5 |     8 |    19 ||    40
         Potion            |       |       |     2 |     3 |     1 ||     6
   Stab: Sleeping          |    11 |    20 |    41 |    87 |   147 ||   306
         Invisible         |       |       |     9 |     5 |       ||    14
         Confused          |       |       |     3 |     1 |    14 ||    18
         Distracted        |       |       |       |     1 |    11 ||    12
         Fleeing           |       |       |       |       |     1 ||     1
 Armour: Robe              |    33 |    45 |   162 |   219 |   513 ||   972
  Dodge: Dodged            |    54 |    59 |   175 |   335 |  1072 ||  1695
